 Dungeon Sprint DCSS version 0.25.1-1-g288607f5aa (webtiles) character file.

Game seed: 4698786895031971845

997 jt the Spear-Bearer (level 8, -4/65 HPs)
             Began as a Formicid Fighter on July 28, 2020.
             Was an Initiate of Gozag.
             Slain by a hellwing (14 damage)
             ... summoned by a kobold demonologist
             ... in the Dungeon (Sprint I: "Red Sonja").
             The game lasted 00:02:25 (847 turns).

jt the Spear-Bearer (Formicid Fighter)               Turns: 847, Time: 00:02:26

Health: -4/65      AC:  6    Str: 22    XL:     8   Next: 42%
Magic:  8/8        EV:  9    Int:  9    God:    Gozag
Gold:   109        SH: 11    Dex: 10    Spells: 7/7 levels left

rFire    . . .     SeeInvis +   a - +2 halberd (venom)
rCold    . . .     Gourm    .   c - +0 kite shield
rNeg     . . .     Faith    .   b - +0 scale mail
rPois    .         Spirit   .   (helmet unavailable)
rElec    .         Reflect  .   (no cloak)
rCorr    .         Harm     .   (no gloves)
MR       .....                  (no boots)
Stlth    ..........             (no amulet)
HPRegen  0.20/turn              (no ring)
MPRegen  0.11/turn              (no ring)

@: no status effects
A: permanent stasis, dig shafts and tunnels, four strong arms, antennae 3
a: Dig, Potion Petition, Call Merchant, Bribe Branch, Renounce Religion


You were in the Dungeon.
You worshipped Gozag.
Gozag was aware of your devotion.
You were not hungry.

You visited 1 branch You collected 521 gold pieces.
You spent 412 gold pieces at shops.

Inventory:

Hand Weapons
 a - a +2 halberd of venom (weapon)
 d - a +0 battleaxe of flaming
 n - a +2 quarterstaff of protection
 o - a +0 trident
Missiles
 g - 35 stones (quivered)
Armour
 b - a +0 scale mail (worn)
 c - a +0 kite shield (worn)
Scrolls
 k - a scroll of blinking
 m - a scroll of identify {unknown}
Potions
 e - a potion of curing
 h - a potion of haste
 i - 2 potions of magic
 j - a potion of berserk rage
 l - a potion of ambrosia {unknown}
Comestibles
 f - 2 rations


   Skills:
 + Level 6.8 Fighting
 - Level 4.0(10.2) Axes
 + Level 14.0(14.2) Polearms
 - Level 3.2 Armour
 - Level 9.0 Shields


You had 7 spell levels left.
You didn't know any spells.
Your spell library was empty.

Dungeon Overview and Level Annotations

Branches:
Dungeon (1/1)

Altars:
Cheibriados
Dithmenos
Elyvilon
Fedhas
Gozag
Hepliaklqana
Kikubaaqudgha
Makhleb
Nemelex Xobeh
Okawaru
Qazlal
Ru
Sif Muna
Trog
Uskayaw
Vehumet
Wu Jian
Xom
Yredelemnul
Zin
The Shining One
Jiyva
Lugonu

Shops:
D ([


Innate Abilities, Weirdness & Mutations

You cannot be hasted, slowed, berserked, paralysed or teleported.
You can dig through walls and to a lower floor.
Your four strong arms can wield two-handed weapons with a shield.
You have a pair of large antennae on your head. (SInv)


Message History

The crimson imp is in the way.
You slice the crimson imp!!
You kill the crimson imp!
The kobold demonologist mumbles some strange words.
You block the hellwing's attack. The hellwing barely misses you.
Attack whom?
Press: ? - help, Dir - move target cursor, f/p - kobold demonologist
Aim: a kobold demonologist, wielding a +0 dagger and wearing a +0 robe (severely wounded, extremely poisoned)
The shadow imp is in the way.
Your scale mail prevents you from hitting the shadow imp.
You block the crimson imp's attack. You block the shadow imp's attack.
The kobold demonologist casts a spell.
Attack whom?
Press: ? - help, Dir - move target cursor, f/p - kobold demonologist
Aim: a kobold demonologist, wielding a +0 dagger and wearing a +0 robe (severely wounded, extremely poisoned)
You reach to attack!
You closely miss the kobold demonologist.
The kobold demonologist is severely wounded.
The orange demon barely misses you. The hellwing hits you!
You die...
Your body crumbles into a pile of gold.

######################
..)..#..'..#__#4@544.#
$$
..#..').#..'..'5$#K.5#
$ ####'#####'#__####
5.+{ $ ###..#...#.####
$ ##{{ $ $
__####..##.# { $$ $
_____##'#_.+ { $
_.∩...'..._# { $$ $$$
_..__##_.#'##+#### {
_____###+#.......##{ $


You could see an orange demon (summoned), a hellwing (summoned), a rust devil
(summoned), a kobold demonologist (extremely poisoned), an iron imp (summoned),
2 crimson imps and a shadow imp (summoned, expiring).

Vanquished Creatures
  A kobold demonologist (D)
  A slime creature (D)
  Sigmund (D)
  A yak (D)
  A floating eye (D)
  An ogre (D)
  A jelly (D)
  Ijyb (D)
8 creatures vanquished.

Notes
Turn   | Place    | Note
-------+----------+-------------------------------------------
     0 | D        | jt the Formicid Fighter began the quest for the Orb.
     0 | D        | Reached XP level 1. HP: 18/18 MP: 1/1
     1 | D        | Noticed Ijyb
    29 | D        | Killed Ijyb
    29 | D        | Reached skill level 4 in Polearms
    29 | D        | Reached XP level 2. HP: 20/24 MP: 2/2
    29 | D        | Reached XP level 3. HP: 24/29 MP: 3/3
    82 | D        | Noticed an ogre
    87 | D        | Killed an ogre
    87 | D        | Reached skill level 6 in Polearms
    87 | D        | Reached XP level 4. HP: 10/35 MP: 4/4
    87 | D        | Reached XP level 5. HP: 12/41 MP: 5/5
   309 | D        | Noticed Sigmund
   322 | D        | Killed Sigmund
   322 | D        | Reached skill level 10 in Polearms
   322 | D        | Reached XP level 6. HP: 36/47 MP: 6/6
   393 | D        | Found a shimmering blue altar of Sif Muna.
   394 | D        | Found an ornate altar of the Wu Jian Council.
   395 | D        | Found a radiant altar of Vehumet.
   400 | D        | Reached skill level 11 in Polearms
   474 | D        | Found Maept's Armour Emporium.
   491 | D        | Found Odyunih's Antique Weapon Emporium.
   491 | D        | Found an ancient bone altar of Kikubaaqudgha.
   491 | D        | Found a hazy altar of Hepliaklqana.
   491 | D        | Found a stormy altar of Qazlal.
   491 | D        | Found a hide-covered altar of Uskayaw.
   491 | D        | Found a blossoming altar of Fedhas.
   491 | D        | Found a bloodstained altar of Trog.
   491 | D        | Found an iron altar of Okawaru.
   491 | D        | Found a basalt altar of Yredelemnul.
   491 | D        | Found a glowing golden altar of the Shining One.
   491 | D        | Found a snail-covered altar of Cheibriados.
   491 | D        | Found a sacrificial altar of Ru.
   491 | D        | Found a glowing silver altar of Zin.
   491 | D        | Found a shadowy altar of Dithmenos.
   491 | D        | Found a white marble altar of Elyvilon.
   491 | D        | Noticed a yak
   501 | D        | Killed a yak
   501 | D        | Reached skill level 12 in Polearms
   501 | D        | Reached XP level 7. HP: 36/52 MP: 7/7
   502 | D        | Found an opulent altar of Gozag.
   503 | D        | Found a sparkling altar of Nemelex Xobeh.
   508 | D        | Became a worshipper of Gozag Ym Sagoz the Greedy
   511 | D        | Bought a glowing battleaxe for 237 gold pieces
   604 | D        | Found a viscous altar of Jiyva.
   604 | D        | Found a corrupted altar of Lugonu.
   604 | D        | Noticed a slime creature
   605 | D        | Found a burning altar of Makhleb.
   605 | D        | Found a shimmering altar of Xom.
   613 | D        | Killed a slime creature
   613 | D        | Reached skill level 13 in Polearms
   635 | D        | Bought a glowing halberd for 175 gold pieces
   825 | D        | Noticed a kobold demonologist
   825 | D        | Noticed a kobold demonologist
   827 | D        | Noticed a soul eater
   828 | D        | Reached XP level 8. HP: 61/61 MP: 8/8
   832 | D        | Noticed a hellwing
   834 | D        | Killed a kobold demonologist
   834 | D        | Reached skill level 14 in Polearms
   845 | D        | Noticed a rust devil
   846 | D        | Noticed an orange demon
   847 | D        | Slain by a hellwing

Illustrated notes

Levels and vault maps discovered:
D:        dungeon_sprint_1 [red_sonja_temple_1, red_sonja_temple_small_1]

Skill      XL: |  1  2  3  4  5  6  7  8 |
---------------+-------------------------+-----
Polearms       | 4 6 10 12 13 14 | 14.0
Shields        | 6 8 9 |  9.0
Axes           | 4 |  4.0
Fighting       | 4 6 |  6.8
Armour         | |  3.2

Action                   |  1- 3 |  4- 6 |  7- 9 || total
-------------------------+-------+-------+-------++-------
Melee: Trident           |    32 |    27 |       ||    59
       Battleaxe         |       |       |     8 ||     8
       Halberd           |       |       |    20 ||    20
 Abil: Dig               |       |     2 |     1 ||     3
  Use: Potion            |     2 |       |       ||     2
Armor: Scale mail        |     7 |     2 |     3 ||    12
Dodge: Dodged            |     6 |     2 |     9 ||    17
Block: Kite shield       |     9 |     8 |    17 ||    34
